Map: Ephemeron LE

Players

Serral - Winner!

  • Race: Zerg Zerg
  • Spawn Location: 5:00

Neeb

  • Race: Protoss Protoss
  • Spawn Location: 11:00

VOD

Have the link to the VOD?

Description

Time

  • Played on: Sept. 8, 2019, 3:56 p.m.
  • Length: 13:41
Show
View Real Time Build Order
Export as new Build Order

Serral Zerg - Winner!

Build Orders: Hatch First, Muta Ling Bane 

Get SALT Encoding   

  12  0:00  Drone  
  13  0:12  Overlord  
  13  0:16  Drone  
  14  0:30  Drone x2  
  16  0:36  Drone  
  17  0:52  Hatchery  
  17  0:55  Drone  
  17  0:58  Drone  
  18  1:08  Extractor  
  17  1:12  Spawning Pool  
  17  1:17  Drone  
  17  1:22  Drone  
  18  1:29  Drone  
  19  1:39  Overlord  
  19  1:50  Drone  
  20  1:59  Queen  
  20  2:00  Zergling x2  
  23  2:03  Queen  
  23  2:04  Zergling x2  
  26  2:09  Metabolic Boost  
  26  2:12  Drone  
  26  2:14  Drone  
  28  2:23  Drone  
  28  2:26  Drone  
  30  2:36  Zergling x2  
  31  2:42  Hatchery  
  30  2:47  Queen  
  32  2:54  Overlord  
  33  2:58  Zergling x4  
  33  2:59  Drone  
  33  3:02  Drone  
  35  3:13  Drone x4  
  35  3:15  Drone  
  40  3:21  Overlord, Drone  
  40  3:22  Drone  
  42  3:30  Lair  
  42  3:32  Drone  
  43  3:37  Roach Warren  
  43  3:41  Extractor  
  41  3:42  Drone x2  
  41  3:45  Drone  
  41  3:47  Drone  
  45  3:50  Drone  
  45  3:51  Drone  
  45  3:53  Drone  
  45  3:54  Drone  
  49  3:57  Extractor, Drone  
  49  4:02  Drone x2  
  51  4:03  Drone  
  51  4:06  Drone x2  
  51  4:09  Overlord  
  54  4:15  Overlord  
  54  4:20  Roach x2  
  58  4:28  Roach x4  
  58  4:29  Overseer  
  66  4:33  Overseer  
  66  4:36  Queen  
  68  4:42  Roach x2  
  72  4:48  Drone x2  
  72  4:51  Overlord  
  74  4:54  Overlord  
  74  4:58  Extractor  
  73  5:02  Overlord  
  73  5:05  Drone  
  74  5:11  Drone  
  74  5:12  Drone x4  
  74  5:13  Spire  
  78  5:14  Queen  
  81  5:21  Drone x3  
  81  5:27  Overlord  
  82  5:28  Drone x2  
  82  5:31  Extractor  
  82  5:32  Extractor  
  82  5:35  Roach x3  
  86  5:36  Drone x3  
  88  5:47  Drone x5  
  88  5:48  Ravager  
  94  5:52  Overlord  
  94  5:53  Drone x4  
  95  6:00  Overlord  
  95  6:01  Drone  
  95  6:02  Drone  
  95  6:04  Evolution Chamber  
  96  6:06  Overlord  
  96  6:10  Overlord  
  96  6:14  Glial Reconstitution  
  96  6:25  Drone  
  96  6:26  Mutalisk x7  
  96  6:31  Drone, Zerg Melee Weapons Level 1  
  112  6:34  Baneling Nest  
  111  6:44  Hatchery  
  111  6:46  Overlord  
  110  6:49  Drone  
  111  6:59  Drone  
  111  7:00  Overlord  
  112  7:02  Overlord  
  112  7:03  Roach x4  
  112  7:04  Roach x4  
  128  7:10  Roach x5  
  138  7:21  Roach x3  
  144  7:30  Roach x5  
  144  7:32  Extractor  
  144  7:36  Centrifical Hooks  
  151  7:42  Zergling x12  
  151  7:43  Ravager x2  
  151  7:44  Ravager  
  160  7:45  Ravager  
  160  7:48  Ravager  
  160  7:50  Overlord  
  160  7:51  Overlord x2  
  162  8:04  Zergling x12  
  168  8:15  Zergling x20  
  177  8:23  Ravager  
  177  8:24  Ravager  
  177  8:27  Baneling x11  
  177  8:31  Baneling  
  177  8:32  Baneling x11  
  178  8:34  Zergling x16  
  185  8:46  Baneling x10  
  185  8:47  Baneling x10  
  185  8:51  Overlord, Zergling x12  
  185  8:52  Overlord  
  185  8:55  Zerg Melee Weapons Level 2  
  172  9:04  Zergling x18  
  172  9:09  Zergling x6  
  157  9:13  Zergling x2  
  141  9:19  Zergling x2  
  141  9:20  Zergling x10  
  147  9:30  Drone x2  
  147  9:31  Drone x3  
  152  9:33  Baneling x13  
  152  9:35  Roach x3  
  156  9:40  Baneling x10  
  156  9:43  Ravager x3  
  156  9:44  Ravager x2  
  161  9:49  Drone  
  161  9:50  Drone x2  
  161  9:51  Drone  
  165  9:54  Infestation Pit, Zergling x4  
  166  10:03  Zergling x2  
  166  10:04  Zergling x14  
  174  10:09  Zergling x10  
  179  10:26  Hatchery  
  177  10:29  Zergling x28  
  177  10:34  Hive  
  191  10:42  Baneling x10  
  189  10:43  Baneling x2  
  189  10:44  Baneling x10  
  189  10:49  Zergling x8  
  193  10:55  Zergling x12  
  185  11:05  Baneling x7  
  185  11:06  Zergling x8  
  185  11:07  Zergling x6  
  175  11:14  Zergling x16  
  177  11:26  Drone  
  177  11:27  Drone x7  
  177  11:29  Zergling x2  
  177  11:30  Zergling x14  
  193  11:33  Baneling x5  
  193  11:40  Baneling x11  
  193  11:44  Drone  
  193  11:45  Drone, Spine Crawler x2  
  193  11:48  Greater Spire  
  192  11:55  Adrenal Glands  
  192  12:01  Zergling x12  
  198  12:09  Zergling x2  
  198  12:13  Baneling x8  
  199  12:27  Zergling x2  
  199  12:28  Zergling x2  
  198  12:36  Zergling x30  
  197  12:41  Baneling x9  
  197  12:44  Zergling x10  
  196  12:46  Baneling x3  
  196  12:47  Baneling x3  
  196  12:51  Zergling x12  
  200  12:57  Zergling x26  
  199  13:09  Zergling x2  
  199  13:11  Baneling x24  
  197  13:17  Zergling x20  
  197  13:18  Zergling x4  
  195  13:20  Zergling x10  
  195  13:23  Baneling x12  
Show
View Real Time Build Order
Export as new Build Order

Neeb Protoss 

Build Orders: 1 Gate Expand, Archon Immortal, Archon Drop, Dark Templar Rush 

Get SALT Encoding   

  12  0:00  Probe  
  13  0:12  Probe  
  14  0:20  Pylon  
  14  0:25  Probe  
  15  0:34  Probe  
  15  0:41  Gateway  
  15  0:42  Probe  
  17  0:50  Assimilator  
  17  0:54  Probe  
  18  1:06  Probe  
  20  1:18  Probe  
  20  1:26  Nexus  
  20  1:36  Cybernetics Core  
  20  1:40  Probe  
  20  1:45  Assimilator  
  21  1:52  Probe  
  21  1:53  Pylon  
  22  2:02  Probe, Adept  
  23  2:10  Probe  
  26  2:18  Probe, Twilight Council  
  27  2:26  Stalker  
  27  2:31  Probe  
  27  2:32  Warp Gate  
  30  2:38  Probe  
  30  2:43  Probe  
  32  2:50  Probe  
  33  2:55  Probe, Robotics Facility  
  34  3:02  Probe  
  35  3:07  Probe  
  36  3:14  Probe  
  36  3:19  Probe  
  38  3:20  Adept  
  38  3:26  Dark Shrine  
  40  3:27  Probe  
  40  3:28  Pylon  
  40  3:31  Probe  
  42  3:38  Warp Prism  
  42  3:39  Probe  
  43  3:42  Gateway  
  43  3:43  Gateway  
  43  3:44  Probe  
  44  3:52  Probe  
  44  3:54  Assimilator  
  47  3:56  Probe  
  47  3:58  Assimilator  
  48  4:05  Pylon  
  48  4:07  Gateway  
  48  4:08  Probe  
  49  4:10  Probe  
  50  4:20  Probe  
  50  4:22  Probe  
  52  4:32  Observer, Probe  
  55  4:38  Nexus  
  55  4:40  Pylon  
  55  4:41  Dark Templar x2  
  58  4:46  Pylon, Archon  
  58  4:47  Probe  
  58  4:48  Probe  
  60  4:59  Dark Templar  
  62  5:01  Probe, Dark Templar  
  62  5:02  Probe  
  62  5:05  Immortal, Archon  
  70  5:16  Adept  
  70  5:17  Adept  
  70  5:19  Probe  
  70  5:20  Probe  
  76  5:30  Pylon  
  76  5:31  Probe  
  76  5:34  Forge  
  77  5:36  Pylon  
  77  5:37  Probe  
  77  5:38  Immortal, Pylon  
  78  5:48  Probe  
  78  5:49  Probe  
  84  5:52  Probe  
  84  5:53  Sentry  
  84  5:54  Sentry x2  
  91  5:58  Protoss Ground Weapons Level 1  
  91  6:00  Probe  
  91  6:01  Probe  
  91  6:04  Probe  
  94  6:06  Charge  
  94  6:08  Immortal  
  94  6:12  Probe  
  99  6:23  Gateway  
  99  6:25  Gateway  
  99  6:34  Gateway  
  99  6:35  Gateway  
  99  6:39  Gateway  
  99  6:41  Gateway  
  99  6:42  Immortal  
  99  6:48  Pylon  
  99  6:49  Sentry  
  99  6:50  Dark Templar x2  
  109  6:55  Pylon  
  109  6:56  Archon  
  109  6:57  Photon Cannon  
  109  7:01  Shield Battery, Photon Cannon  
  109  7:06  Stalker  
  111  7:19  Stalker  
  111  7:20  Stalker x2  
  117  7:25  Stalker  
  117  7:27  Probe  
  117  7:28  Probe  
  115  7:33  Blink  
  115  7:35  Probe  
  116  7:37  Observer  
  116  7:40  Stalker x3  
  116  7:41  Stalker  
  122  7:49  Probe x2  
  122  7:50  Stalker x2  
  122  7:51  Probe  
  125  8:00  Stalker  
  125  8:01  Probe x2  
  125  8:03  Probe  
  130  8:06  Protoss Ground Weapons Level 2  
  130  8:08  Pylon  
  130  8:09  Pylon  
  130  8:13  Probe x2  
  130  8:15  Probe  
  133  8:21  Assimilator  
  133  8:24  Assimilator  
  133  8:26  Immortal, Probe x2  
  139  8:27  Stalker  
  139  8:28  Stalker x3  
  147  8:37  Photon Cannon  
  147  8:40  Shield Battery  
  147  8:58  Stalker  
  141  9:07  Immortal, Stalker x4  
  124  9:11  Stalker x2  
  106  9:23  Sentry  
  111  9:24  Zealot x3  
  111  9:30  Probe x3  
  118  9:34  Stalker x3  
  118  9:37  Immortal  
  128  9:53  Zealot  
  130  10:00  Nexus, Dark Templar x2  
  130  10:04  Archon  
  130  10:06  Zealot x3  
  139  10:11  Dark Templar  
  139  10:12  Dark Templar  
  143  10:17  Pylon  
  143  10:19  Archon  
  143  10:22  Zealot x2  
  143  10:35  Sentry  
  143  10:40  Dark Templar x2  
  143  10:42  Nexus  
  147  10:45  Archon  
  147  10:46  Dark Templar x2  
  151  10:50  Archon  
  151  10:54  Stalker x2  
  151  10:56  Zealot  
  154  11:09  Stalker x3  
  142  11:17  Stalker  
  142  11:18  Stalker x4  
  138  11:24  Sentry  
  140  11:36  Dark Templar  
  140  11:37  Dark Templar  
  144  11:43  Archon  
  144  11:48  Zealot x4  
  144  11:53  Nexus  
  152  11:56  Dark Templar x2  
  152  11:59  Pylon  
  156  12:02  Archon  
  156  12:08  Pylon  
  156  12:10  Pylon x2  
  156  12:23  Stalker x3  
  162  12:36  Stalker  
  162  12:37  Stalker  
  147  12:44  Dark Templar x2  
  140  12:48  Probe  
  140  12:51  Archon  
  115  13:00  Dark Templar  
  115  13:01  Zealot, Dark Templar  
  115  13:03  Zealot x3  
  115  13:04  Archon  
  127  13:09  Zealot x2  
  117  13:29  Zealot  
Tags
 
Add a new tag
Caveats
  • Supply blocks, unpowered buildings, or Contaminate may cause inaccurate times.
  • Supply counts are checked every 10 seconds.